Map: Ley Lines

Players

Vaisravana - Winner!

  • Race: Protoss Protoss
  • Spawn Location: 7:00

kitune

  • Race: Protoss Protoss
  • Spawn Location: 1:00

VOD

Have the link to the VOD?

Description

Time

  • Played on: Aug. 18, 2025, 8:04 a.m.
  • Length: 6:39
Show
View Real Time Build Order
Export as new Build Order

Vaisravana Protoss - Winner!

Build Orders: 1 Gate Expand 

Get SALT Encoding   

  12  0:00  Probe  
  13  0:12  Probe  
  14  0:20  Pylon  
  14  0:24  Probe  
  15  0:36  Probe  
  15  0:40  Gateway  
  16  0:45  Probe  
  17  0:50  Assimilator  
  17  0:54  Probe  
  18  1:06  Probe  
  19  1:21  Probe  
  20  1:27  Nexus  
  20  1:38  Cybernetics Core  
  20  1:41  Probe  
  21  1:47  Assimilator  
  21  1:53  Probe  
  22  1:55  Pylon  
  22  2:05  Probe  
  23  2:19  Stargate  
  23  2:22  Stalker  
  23  2:23  Forge  
  25  2:31  Shield Battery  
  25  2:34  Probe  
  26  2:44  Probe  
  26  2:46  Probe  
  28  2:53  Probe  
  28  2:54  Probe  
  29  3:01  Void Ray, Probe  
  31  3:09  Probe  
  31  3:10  Probe  
  36  3:19  Photon Cannon  
  37  3:35  Void Ray  
  41  3:42  Photon Cannon  
  41  3:45  Photon Cannon  
  41  3:58  Pylon  
  41  4:00  Shield Battery  
  41  4:04  Probe x2  
  45  4:17  Void Ray  
  45  4:21  Probe x2  
  47  4:32  Shield Battery x2  
  47  4:37  Pylon  
  47  4:39  Photon Cannon  
  47  4:48  Void Ray  
  47  4:59  Probe x2  
  53  5:02  Pylon  
  53  5:15  Probe x2  
  53  5:18  Void Ray  
  55  5:27  Probe  
  55  5:28  Probe  
  61  5:30  Photon Cannon  
  61  5:31  Photon Cannon  
  61  5:39  Probe  
  61  5:40  Probe  
  63  5:43  Assimilator  
  63  5:45  Assimilator  
  67  5:59  Void Ray  
  67  6:06  Gateway  
  67  6:13  Probe x2  
  69  6:21  Forge  
Show
View Real Time Build Order
Export as new Build Order

kitune Protoss 

Build Orders:  

Get SALT Encoding   

  12  0:00  Probe  
  13  0:12  Probe  
  14  0:17  Pylon  
  14  0:23  Probe  
  15  0:31  Probe  
  15  0:38  Gateway  
  15  0:39  Probe  
  16  0:47  Assimilator  
  17  0:51  Probe  
  17  0:56  Assimilator  
  18  1:01  Probe  
  19  1:09  Probe  
  19  1:17  Probe  
  21  1:25  Cybernetics Core  
  21  1:29  Probe  
  22  1:36  Gateway  
  22  1:41  Probe  
  23  1:52  Warp Gate  
  23  1:53  Pylon  
  23  2:08  Stalker  
  23  2:11  Probe  
  23  2:15  Gateway  
  26  2:20  Stalker, Shield Battery  
  28  2:30  Pylon  
  28  2:33  Pylon  
  28  2:38  Stalker  
  30  2:47  Stalker  
  32  2:58  Stalker  
  32  3:01  Stalker  
  36  3:30  Pylon  
  36  3:48  Stalker x3  
  42  3:58  Gateway  
  42  4:18  Stalker x3  
  48  4:35  Pylon  
  48  4:59  Stalker x4  
  56  5:26  Stalker x3, Pylon  
  62  5:28  Pylon  
  62  6:00  Stalker x3  
  62  6:01  Stalker  
Tags
 
Matchup
PvP
Spawn Locations
Cross Positions
Add a new tag
Caveats
  • Supply blocks, unpowered buildings, or Contaminate may cause inaccurate times.
  • Supply counts are checked every 10 seconds.